 Dungeon Crawl Stone Soup version 0.28.0-53-g5a82cb258f (webtiles) character file.

Game seed: 16011882969860670169

65 MiltankisOP the Cutter (level 4, 0/23 HPs)
             Began as a Vine Stalker Fighter on July 13, 2022.
             Killed by divine providence
             ... invoked by an orc priest
              (13 damage)
             ... on level 4 of the Dungeon.
             The game lasted 00:02:01 (1453 turns).

MiltankisOP the Cutter (Vine Stalker Fighter)       Turns: 1453, Time: 00:02:01

Health: 0/23       AC:  7    Str: 18    XL:     4   Next: 14%
Magic:  0/5        EV:  9    Int:  8    God:
Gold:   21         SH:  5    Dex: 16    Spells: 3/3 levels left

rFire   . . .      SeeInvis .   k - +3 falchion
rCold   . . .      Faith    .   c - +0 buckler
rNeg    . . .      Spirit   +   b - +0 scale mail
rPois   .          Reflect  .   (no helmet)
rElec   .          Harm     .   i - +0 cloak
rCorr   .          Rampage  .   (no gloves)
Will    .....                   (no boots)
Stlth   ..........              (no amulet)
HPRegen 0.87/turn               (no ring)
MPRegen 0.09/turn               (no ring)

@: no status effects
A: fangs 2, regeneration 1, magic shield, antimagic bite, no potion heal 2
a: no special abilities


You were on level 4 of the Dungeon.
You visited 1 branch of the dungeon, and saw 3 of its levels.

You collected 21 gold pieces.

Inventory:

Hand Weapons
 a - a +0 rapier
 k - a +3 falchion (weapon)
Armour
 b - a +0 scale mail (worn)
 c - a +0 buckler (worn)
 i - a +0 cloak (worn)
Scrolls
 f - a scroll of brand weapon {unknown}
 g - a scroll of torment {unknown}
 h - 3 scrolls of identify {unknown}
Potions
 d - a potion of might
 e - 2 potions of degeneration {unknown}
 j - 2 potions of curing {unknown}


   Skills:
 - Level 2.7 Fighting
 + Level 3.8 Short Blades
 - Level 2.4 Armour
 - Level 2.7 Shields


You had 3 spell levels left.
You didn't know any spells.
Your spell library was empty.

Dungeon Overview and Level Annotations

Branches:
Dungeon (2/15)

Altars:
Yredelemnul

Annotations:
D:4 1 runed translucent door


Innate Abilities, Weirdness & Mutations

You have extremely sharp teeth.
Your natural rate of healing is unusually fast.
When hurt, damage is shared between your health and your magic reserves.
Your bite disrupts and absorbs the magic of your enemies.
Potions cannot restore your health.


Message History

Found a basalt altar of Yredelemnul.
You see here 29 stones.
Found a stone staircase leading up.
A kobold comes into view. It is wielding a +0 whip.
The kobold shouts!
You hear a shout! x2
You completely miss the kobold. You bite the kobold. You drain its power.
The kobold is moderately wounded.
The kobold hits you with a +0 whip.
You hit the kobold. Your bite misses the kobold.
The kobold is severely wounded.
The kobold hits you but does no damage.
You barely miss the kobold. You bite the kobold.
You kill the kobold!
There is a stone staircase leading up here.
An orc comes into view. It is wielding a +0 hand axe.
An orc comes into view. It is wielding a +0 short sword.
The orc shouts!
You hear a shout!
An orc priest comes into view. It is wielding a +0 flail.
The orc priest shouts!
You hit the orc. Your bite misses the orc.
The orc is moderately wounded.
The orc hits you but does no damage.
An orc comes into view. It is wielding a +0 war axe.
You closely miss the orc.
The orc is moderately wounded.
The orc hits you with a +0 hand axe.
You hit the orc.
The orc is severely wounded.
You hit the orc.
You kill the orc!
The orc priest mumbles some strange prayers to Beogh against you.
Beogh smites you!
An orc comes into view. It is wielding a +0 hand axe.
You slash the orc!
You kill the orc!
The orc priest begins to cast a cantrip, but forgets the words!
The orc priest invokes the aid of Beogh against you.
Beogh smites you!
Ouch! That really hurt!
You die...

#.# #.# #.#o# #.#
.. #.#.# #.# #.
#.#o# #.# #..#.#o#
#.# #### ###..#.#.#
#.# ...#
##....#.#)## #.#
._.# ...........#
#.###g..#
#......@..#
#<8.#####.
#.##.#.##.#
#......... #
#<##)#####.(..#+#..
#.............#p#..
##########....###..
#.........
#...##.#.# #####
...# ##.#


You could see an orc priest and 2 orcs.

Vanquished Creatures
  2 adders (D:2)
  2 dart slugs
  2 orcs (D:4)
  3 ball pythons
  3 endoplasms
  2 giant cockroaches (D:1)
  3 goblins
  3 hobgoblins
  3 jackals (D:1)
  6 quokkas
  2 bats
  A jackal zombie (D:4)
  2 kobolds
  4 rats
38 creatures vanquished.

Notes
Turn   | Place    | Note
-------+----------+-------------------------------------------
     0 | D:1      | MiltankisOP the Vine Stalker Fighter began the quest for
                  | the Orb.
     0 | D:1      | Reached XP level 1. HP: 11/11 MP: 2/2
   299 | D:1      | Reached skill level 2 in Short Blades
   304 | D:1      | Reached XP level 2. HP: 16/16 MP: 3/3
   832 | D:1      | Reached skill level 3 in Short Blades
   832 | D:1      | Reached XP level 3. HP: 17/19 MP: 4/4
  1223 | D:2      | Found a faded altar of an unknown god.
  1334 | D:2      | Gained mutation: Your natural rate of healing is unusually
                  | fast. [Vine Stalker growth]
  1334 | D:2      | Reached XP level 4. HP: 23/23 MP: 5/5
  1421 | D:2      | You fall into a shaft and drop 2 floors!
  1423 | D:4      | Found a runed translucent door.
  1423 | D:4      | Noticed a human
  1429 | D:4      | Found a basalt altar of Yredelemnul.
  1453 | D:4      | Killed from afar by an orc priest

Illustrated notes

Levels and vault maps discovered:
D:1:      giann_bridges, layout_basic
D:2:      layout_loops_corners, hellmonk_ecumenical_altar_lost_god,
          minmay_misc_feat_cross, minmay_unequal, uniq_crazy_yiuf_cottage
D:4:      layout_loops_ring, dk_yredelemnul_ordeal, biasface_ghost_orc_armoury,
          uniq_duvessa

Skill      XL: |  1  2 |
---------------+-------+-----
Short Blades   | 2 3 |  3.8
Fighting       | |  2.7
Armour         | |  2.4
Shields        | |  2.7

Action                   |  1- 3 |  4- 6 || total
-------------------------+-------+-------++-------
Melee: Rapier            |    86 |       ||    86
       Bite              |    18 |     3 ||    21
       Falchion          |     4 |    12 ||    16
Armor: Scale mail        |    25 |     2 ||    27
Dodge: Dodged            |    30 |     1 ||    31
Block: Buckler           |    19 |       ||    19
